 Dungeon Crawl Stone Soup version 0.29.0-7-g18a832c13a (webtiles) character file.

Game seed: 1812027998743151350

310 Dadi the Trooper (level 6, -4/42 HPs)
             Began as a Gargoyle Fighter on Aug 30, 2022.
             Slain by a gnoll
             ... wielding a +0 halberd
              (9 damage)
             ... on level 3 of the Dungeon.
             The game lasted 00:05:12 (3276 turns).

Dadi the Trooper (Gargoyle Fighter)                 Turns: 3276, Time: 00:05:12

Health: -4/42      AC: 12    Str: 22    XL:     6   Next: 41%
Magic:  6/6        EV: 10    Int:  8    God:
Gold:   138        SH:  4    Dex:  9    Spells: 5/5 levels left

rFire   . . .      SeeInvis +   a - +0 flail
rCold   . . .      Faith    .   c - +0 buckler
rNeg    + . .      Spirit   .   b - +0 scale mail
rPois   ∞          Reflect  .   r - +0 helmet
rElec   +          Harm     .   (no cloak)
rCorr   .          Rampage  .   (no gloves)
Will    .....                   (no boots)
Stlth   ..........              (no amulet)
HPRegen 0.14/turn               m - ring of see invisible
MPRegen 0.10/turn               (no ring)

@: no status effects
A: sickness immunity, AC +4, negative energy resistance 1, electricity
resistance, torment resistance 1, petrification resistance
a: no special abilities


You were on level 3 of the Dungeon.
You visited 1 branch of the dungeon, and saw 4 of its levels.

You collected 138 gold pieces.

Inventory:

Hand Weapons
 a - a +0 flail (weapon)
Armour
 b - a +0 scale mail (worn)
 c - a +0 buckler (worn)
 r - a +0 helmet (worn)
Jewellery
 m - a ring of see invisible (left hand)
Scrolls
 e - a scroll of blinking {unknown}
 f - 8 scrolls of identify {unknown}
 g - a scroll of butterflies {unknown}
 h - 2 scrolls of poison {unknown}
 k - a scroll of magic mapping {unknown}
 o - 2 scrolls of enchant weapon {unknown}
 q - a scroll of teleportation {unknown}
 s - a scroll of enchant armour {unknown}
Potions
 d - 2 potions of lignification {unknown}
 i - a potion of resistance {unknown}
 j - 2 potions of curing {unknown}
 l - 5 potions of heal wounds {unknown}
 n - 2 potions of haste {unknown}
 p - a potion of invisibility
 t - a potion of might


   Skills:
 + Level 6.8 Fighting
 - Level 2.0 Maces & Flails
 - Level 3.2 Armour
 + Level 2.2 Dodging
 + Level 0.2 Stealth
 - Level 3.2 Shields


You had 5 spell levels left.
You didn't know any spells.
Your spell library was empty.

Dungeon Overview and Level Annotations

Branches:
Dungeon (4/15)
 Temple: D:4-7

Altars:
Trog
Xom

Shops:
D:3 *

Annotations:
D:3 Grinder


Innate Abilities, Weirdness & Mutations

You are immune to sickness and miasma.
Your stone body is resilient. (AC +4)
You are immune to poison.
You resist negative energy. (rN+)
You are resistant to electric shocks. (rElec)
You are resistant to unholy torment.
You are immune to petrification.


Message History

You hit the gnoll but do no damage.
The gnoll unwields a +0 sling.
The gnoll wields a +0 whip.
You block the gnoll's attack. The gnoll barely misses you.
The gnoll closely misses you.
You hit the gnoll.
The gnoll is heavily wounded.
The gnoll hits you with a +0 whip.
The gnoll hits you from afar with a +2 spear of venom.
The gnoll hits you but does no damage.
You barely miss the gnoll.
The gnoll is heavily wounded.
The gnoll hits you from afar with a +2 spear of venom.
The gnoll barely misses you.
You barely miss the gnoll.
The gnoll is heavily wounded.
The gnoll hits you from afar with a +2 spear of venom.
The gnoll hits you but does no damage. The gnoll barely misses you.
You sock the gnoll!
You kill the gnoll!
The gnoll hits you from afar with a +2 spear of venom.
You block the gnoll's attack.
The gnoll hits you with a +2 spear of venom.
Items here: $ ))) †.
You thump the gnoll!
The gnoll is severely wounded.
The gnoll barely misses you. The gnoll closely misses you.
You sock the gnoll!
You kill the gnoll!
The gnoll barely misses you. x2
The gnoll hits you with a +0 halberd.
Things that are here:
a +2 spear of venom; 13 gold pieces; a gnoll corpse You hit the gnoll but do no damage.
The gnoll barely misses you.
You thump the gnoll!
The gnoll is almost dead.
The gnoll hits you with a +0 halberd!
* * * LOW HITPOINT WARNING * * *
You closely miss the gnoll.
The gnoll is almost dead.
The gnoll hits you with a +0 halberd!
You die...

#......# #####..#
###g## ###gg.#
###...### #...###
###.###
###...#################
#..>.g@)........÷..)..#
#####################÷#
######## #.# #......#
#.# ####### #.####.#
#.# #.....# #.# #.# #.#
#.....####.# #.# #.#
#..........# #.####.#
#..........####[)..#.#


You could see a gnoll.

Vanquished Creatures
  A scorpion (D:4)
  A howler monkey (D:4)
  An iguana (D:4)
  Robin (D:3)
  3 gnolls (D:3)
  4 adders
  2 worms (D:2)
  3 dart slugs
  6 orcs
  6 bats
  9 endoplasms
  3 giant cockroaches
  19 goblins
  6 hobgoblins
  2 jackals (D:3)
  7 kobolds
  5 quokkas
  5 ball pythons
  A frilled lizard (D:3)
  4 rats
89 creatures vanquished.

Vanquished Creatures (others)
  8 fungi (D:4)
  A plant (D:4)
9 creatures vanquished.

Grand Total: 98 creatures vanquished

Notes
Turn   | Place    | Note
-------+----------+-------------------------------------------
     0 | D:1      | Dadi the Gargoyle Fighter began the quest for the Orb.
     0 | D:1      | Reached XP level 1. HP: 14/14 MP: 1/1
   225 | D:1      | Reached XP level 2. HP: 14/20 MP: 2/2
   331 | D:1      | Reached skill level 4 in Fighting
   849 | D:1      | Reached XP level 3. HP: 24/24 MP: 3/3
  1206 | D:2      | You fall into a shaft and drop 2 floors!
  1244 | D:4      | Noticed a scorpion
  1276 | D:4      | Reached skill level 5 in Fighting
  1276 | D:4      | Reached XP level 4. HP: 4/31 MP: 4/4
  1286 | D:4      | Reached skill level 1 in Dodging
  1286 | D:4      | Reached XP level 5. HP: 6/36 MP: 5/5
  1288 | D:4      | HP: 1/36 [scorpion (4)]
  1290 | D:4      | Reached skill level 6 in Fighting
  1787 | D:4      | Found a shimmering altar of Xom.
  1790 | D:4      | Found a bloodstained altar of Trog.
  1870 | D:3      | Found Sicapn's General Store.
  1874 | D:3      | Noticed Grinder
  2218 | D:3      | Noticed Robin
  2248 | D:3      | Killed Robin
  2249 | D:3      | Reached XP level 6. HP: 38/42 MP: 6/6
  3276 | D:3      | Slain by a gnoll

Illustrated notes

Levels and vault maps discovered:
D:1:      enne_arrival_octagon_isle, layout_loops_ring
D:2:      minmay_chambers_of_ones, layout_basic, serial_aquarium,
          aquarium_bridge_square [aquarium_subvault_window,
          aquarium_subvault_wall, aquarium_subvault_bridge,
          aquarium_subvault_bridge], aquarium_window_fake,
          aquarium_window_corridor_3, aquarium_view_2c, aquarium_view_2c,
          aquarium_balcony_1b, aquarium_pool_S, minmay_3d_cube
D:3:      layout_basic, zin_treasury, serial_shops, shop, uniq_natasha,
          uniq_robin, uniq_grinder
D:4:      layout_rooms, nicolae_overflow_squiral, serial_aquarium,
          aquarium_bridge_square [aquarium_subvault_balcony,
          aquarium_subvault_bridge, aquarium_subvault_window,
          aquarium_subvault_wall], aquarium_bridge_square
          [aquarium_subvault_wall, aquarium_subvault_balcony,
          aquarium_subvault_wall, aquarium_subvault_bridge], aquarium_window_2,
          aquarium_window_1, aquarium_window_fake, aquarium_view_2c,
          aquarium_balcony_5b, serial_bayou_pond_b, minmay_goblin_outpost

Skill      XL: |  1  2  3  4  5  6 |
---------------+-------------------+-----
Fighting       | 4 5 6 |  6.8
Dodging        | 1 2 |  2.2
Maces & Flails | |  2.0
Armour         | |  3.2
Stealth        | |  0.2
Shields        | |  3.2

Action                   |  1- 3 |  4- 6 || total
-------------------------+-------+-------++-------
Melee: Flail             |    92 |   154 ||   246
  Use: Potion            |     1 |       ||     1
Armor: Scale mail        |    66 |    70 ||   136
Dodge: Dodged            |    55 |    81 ||   136
Block: Buckler           |    20 |    28 ||    48
